[ AOE2 MATCH · #478183100 ]
UnrankedPortuguese vs Huns
[ REPLAY ANALYSIS · EXTRACTED FROM THE RECORDED GAME ]
Feudal
11:21
Castle
15:16
Imperial
31:09
| APM avg | 29.3 |
| APM peak | 195 |
| eAPM avg | 17.3 |
| Villagers / military | 172 / 343 |
Focus
⚔️ 32.2% · 🌾 67.8%
Organ Gun ×306 · Bombard Cannon ×34 · Trade Cart ×19 · Monk ×3
Feudal
10:49
Castle
16:27
Imperial
35:54
| APM avg | 13.8 |
| APM peak | 39 |
| eAPM avg | 9.6 |
| Villagers / military | 81 / 330 |
Focus
⚔️ 34.6% · 🌾 65.4%
Scorpion ×143 · Scout Cavalry ×92 · Ballista Elephant ×88 · Trade Cart ×17 · Trebuchet (Packed) ×6 · Monk ×1
Feudal
10:21
Castle
18:18
Imperial
40:13
| APM avg | 11.2 |
| APM peak | 34 |
| eAPM avg | 7.7 |
| Villagers / military | 82 / 176 |
Focus
⚔️ 39.9% · 🌾 60.1%
Knight ×84 · Tarkan ×57 · Cavalry Archer ×35 · Trade Cart ×14
Feudal
12:14
Castle
20:11
Imperial
37:44
| APM avg | 17.9 |
| APM peak | 55 |
| eAPM avg | 16.4 |
| Villagers / military | 127 / 348 |
Focus
⚔️ 52.5% · 🌾 47.5%
Skirmisher ×157 · Spearman ×155 · Monk ×14 · Mameluke ×12 · Trebuchet (Packed) ×8 · Trade Cart ×5
Feudal
12:06
Castle
18:06
Imperial
33:09
| APM avg | 17.6 |
| APM peak | 57 |
| eAPM avg | 13.7 |
| Villagers / military | 132 / 273 |
Focus
⚔️ 47.0% · 🌾 53.0%
Janissary ×237 · Bombard Cannon ×35 · Trade Cart ×23 · Trebuchet (Packed) ×1
Feudal
11:11
Castle
20:28
Imperial
35:17
| APM avg | 14.0 |
| APM peak | 30 |
| eAPM avg | 11.1 |
| Villagers / military | 160 / 566 |
Focus
⚔️ 40.2% · 🌾 59.8%
Scout Cavalry ×290 · Knight ×180 · Battering Ram ×41 · Bombard Cannon ×20 · Mangonel ×17 · Trade Cart ×16
Feudal
13:10
Castle
25:44
Imperial
43:52
| APM avg | 16.9 |
| APM peak | 40 |
| eAPM avg | 12.1 |
| Villagers / military | 106 / 214 |
Focus
⚔️ 44.3% · 🌾 55.7%
Knight ×98 · Coustillier ×87 · Trade Cart ×41 · Bombard Cannon ×13 · Scout Cavalry ×5 · Trebuchet (Packed) ×4
Feudal
14:33
Castle
29:09
Imperial
39:21
| APM avg | 20.8 |
| APM peak | 54 |
| eAPM avg | 12.9 |
| Villagers / military | 103 / 242 |
Focus
⚔️ 48.9% · 🌾 51.1%
Longbowman ×191 · Archer ×21 · Trade Cart ×19 · Militia ×14 · Mangonel ×11 · Trebuchet (Packed) ×5
Match map
Initial resources + every placement click. Lines = walls · curves = elevation contours. ◆ gold · ⬟ stone · ● berries · ✦ relic · ◌ wall gap
Your base· Open — opponent sealed themselves in
葱焖肥蟹's base· Open — opponent sealed themselves in
PlayfulPorpoise's base· ✓ Closed at 18:18 · 0t walls · no gate
SepeLio_O's base· Open — opponent sealed themselves in
David's base· ✓ Closed at 18:06 · 0t walls · no gate
Debra's base· ✓ Closed at 20:28 · 38t walls · 2 gate(s)
eliot.shaw's base· Open — opponent sealed themselves in
BootyGains's base· ✓ Closed at 29:09 · 51t walls · 1 gate(s)
Smoothed initial terrain · ◌ = detected wall gap · hover for details
Inputs per minute
— サンテアゴ - - 葱焖肥蟹
Build order — サンテアゴ
First 150 of 379 actions detected
| 0:01 | Create | Villager (Male) |
| 0:01 | Create | Villager (Male) |
| 0:02 | Create | Villager (Male) |
| 0:02 | Create | Villager (Male) |
| 0:04 | Build | House |
| 0:06 | Build | House |
| 1:37 | Create | Villager (Male) |
| 1:37 | Create | Villager (Male) |
| 1:50 | Build | Lumber Camp |
| 2:08 | Create | Villager (Male) |
| 2:08 | Create | Villager (Male) |
| 2:35 | Create | Villager (Male) |
| 3:02 | Create | Villager (Male) |
| 3:02 | Create | Villager (Male) |
| 3:19 | Create | Villager (Male) |
| 3:19 | Create | Villager (Male) |
| 3:31 | Build | House |
| 3:32 | Build | House |
| 3:34 | Build | House |
| 3:57 | Create | Villager (Male) |
| 3:57 | Create | Villager (Male) |
| 4:30 | Create | Villager (Male) |
| 4:30 | Create | Villager (Male) |
| 4:31 | Create | Villager (Male) |
| 4:55 | Build | Mill |
| 5:20 | Create | Villager (Male) |
| 5:21 | Create | Villager (Male) |
| 5:22 | Create | Villager (Male) |
| 6:34 | Create | Villager (Male) |
| 6:35 | Create | Villager (Male) |
| 7:00 | Create | Villager (Male) |
| 7:31 | Create | Villager (Male) |
| 7:31 | Create | Villager (Male) |
| 7:32 | Create | Villager (Male) |
| 8:02 | Create | Villager (Male) |
| 8:36 | Create | Villager (Male) |
| 8:55 | Build | Mining Camp |
| 9:05 | Research | Feudal Age |
| 9:37 | Create | Villager (Male) |
| 9:38 | Create | Villager (Male) |
| 11:21 | Age | Feudal Age |
| 11:29 | Build | Market |
| 11:36 | Build | Blacksmith |
| 11:47 | Create | Villager (Male) |
| 12:15 | Build | Farm |
| 12:15 | Build | Farm |
| 12:20 | Build | Farm |
| 12:22 | Build | Farm |
| 12:32 | Research | Castle Age |
| 13:04 | Research | Double-Bit Axe |
| 13:19 | Build | Farm |
| 13:21 | Build | Farm |
| 13:32 | Build | Farm |
| 13:41 | Research | Horse Collar |
| 13:55 | Build | House |
| 13:57 | Build | House |
| 13:58 | Build | House |
| 14:13 | Research | Loom |
| 14:34 | Research | Gold Mining |
| 15:16 | Age | Castle Age |
| 15:22 | Build | Town Center |
| 15:27 | Create | Villager (Male) |
| 15:32 | Build | Farm |
| 15:33 | Build | Farm |
| 15:41 | Research | Bow Saw |
| 16:24 | Build | Town Center |
| 16:41 | Create | Villager (Male) |
| 16:43 | Create | Villager (Male) |
| 16:51 | Research | Wheelbarrow |
| 17:13 | Create | Villager (Male) |
| 17:14 | Create | Villager (Male) |
| 17:32 | Build | Farm |
| 17:32 | Build | Farm |
| 17:34 | Build | Farm |
| 17:39 | Create | Villager (Male) |
| 17:39 | Create | Villager (Male) |
| 17:43 | Create | Villager (Male) |
| 17:43 | Create | Villager (Male) |
| 17:59 | Build | Farm |
| 18:04 | Create | Villager (Male) |
| 18:13 | Build | Farm |
| 18:14 | Create | Villager (Male) |
| 18:15 | Create | Villager (Male) |
| 18:38 | Build | House |
| 18:39 | Build | House |
| 18:41 | Build | House |
| 18:42 | Build | House |
| 18:44 | Create | Villager (Male) |
| 18:44 | Create | Villager (Male) |
| 18:44 | Create | Villager (Male) |
| 18:50 | Build | Farm |
| 18:58 | Build | Farm |
| 18:59 | Create | Villager (Male) |
| 19:11 | Build | Farm |
| 19:12 | Create | Villager (Male) |
| 19:13 | Create | Villager (Male) |
| 19:28 | Build | Farm |
| 19:38 | Create | Villager (Male) |
| 19:38 | Create | Villager (Male) |
| 19:41 | Create | Villager (Male) |
| 19:47 | Create | Villager (Male) |
| 19:47 | Create | Villager (Male) |
| 19:52 | Build | Farm |
| 20:00 | Create | Villager (Male) |
| 20:10 | Build | Farm |
| 20:10 | Build | Farm |
| 20:10 | Build | Farm |
| 20:11 | Build | Farm |
| 20:14 | Build | Farm |
| 20:15 | Create | Villager (Male) |
| 20:22 | Build | Farm |
| 20:23 | Create | Villager (Male) |
| 20:23 | Create | Villager (Male) |
| 20:28 | Create | Villager (Male) |
| 20:48 | Build | House |
| 20:49 | Build | House |
| 21:00 | Build | Gate |
| 21:04 | Create | Villager (Male) ×4 |
| 21:07 | Build | Farm |
| 21:08 | Build | Farm |
| 21:10 | Create | Villager (Male) |
| 21:29 | Create | Villager (Male) |
| 21:29 | Create | Villager (Male) |
| 21:47 | Build | Town Center |
| 21:52 | Create | Villager (Male) |
| 21:53 | Create | Villager (Male) |
| 21:59 | Build | Farm |
| 22:00 | Create | Villager (Male) |
| 22:00 | Create | Villager (Male) |
| 22:01 | Create | Villager (Male) |
| 22:17 | Build | Farm |
| 22:24 | Build | Farm |
| 22:30 | Create | Villager (Male) |
| 22:31 | Create | Villager (Male) |
| 22:34 | Build | Farm |
| 22:40 | Build | Farm |
| 22:42 | Create | Villager (Male) |
| 22:44 | Create | Villager (Male) |
| 22:59 | Build | Farm |
| 23:01 | Create | Villager (Male) |
| 23:02 | Create | Villager (Male) |
| 23:03 | Create | Villager (Male) |
| 23:03 | Create | Villager (Male) |
| 23:04 | Create | Villager (Male) |
| 23:18 | Research | Stone Mining |
| 23:43 | Create | Villager (Male) ×5 |
| 23:44 | Create | Villager (Male) ×4 |
| 23:50 | Build | Farm |
| 23:50 | Build | Farm |
| 23:51 | Build | Farm |
Build order — 葱焖肥蟹
First 150 of 326 actions detected
| 0:03 | Create | Villager (Male) |
| 0:03 | Create | Villager (Male) |
| 0:03 | Create | Villager (Male) |
| 0:04 | Create | Villager (Male) |
| 0:04 | Create | Villager (Male) |
| 0:05 | Build | House |
| 0:08 | Build | House |
| 1:58 | Build | Lumber Camp |
| 2:13 | Create | Villager (Male) |
| 2:13 | Create | Villager (Male) |
| 2:13 | Create | Villager (Male) |
| 2:42 | Create | Villager (Male) |
| 3:50 | Create | Villager (Male) |
| 4:15 | Build | House |
| 4:25 | Build | Mill |
| 4:44 | Create | Villager (Male) |
| 4:44 | Create | Villager (Male) |
| 4:45 | Create | Villager (Male) |
| 5:39 | Build | House |
| 5:43 | Create | Villager (Male) |
| 6:07 | Build | Mining Camp |
| 6:09 | Create | Villager (Male) |
| 6:59 | Create | Villager (Male) |
| 6:59 | Create | Villager (Male) |
| 7:13 | Create | Villager (Male) |
| 7:39 | Create | Villager (Male) |
| 8:38 | Research | Feudal Age |
| 9:58 | Create | Villager (Male) |
| 9:58 | Create | Villager (Male) |
| 10:49 | Age | Feudal Age |
| 10:54 | Create | Villager (Male) |
| 11:19 | Build | Farm |
| 11:38 | Create | Villager (Male) |
| 11:44 | Build | Farm |
| 12:08 | Build | Farm |
| 12:12 | Build | Farm |
| 12:47 | Create | Villager (Male) |
| 12:50 | Create | Villager (Male) |
| 13:18 | Build | House |
| 13:47 | Research | Castle Age |
| 13:49 | Create | Villager (Male) |
| 13:58 | Build | Market |
| 14:00 | Build | Market |
| 15:31 | Build | House |
| 15:33 | Build | House |
| 15:45 | Create | Villager (Male) |
| 16:06 | Build | Mining Camp |
| 16:27 | Age | Castle Age |
| 16:56 | Build | House |
| 17:03 | Create | Villager (Male) |
| 17:15 | Build | Town Center |
| 17:26 | Create | Villager (Male) |
| 17:32 | Research | Double-Bit Axe |
| 18:10 | Create | Trade Cart |
| 18:15 | Create | Villager (Male) |
| 18:20 | Create | Villager (Male) |
| 18:34 | Create | Villager (Male) |
| 18:34 | Create | Villager (Male) |
| 18:48 | Build | Farm |
| 18:53 | Create | Villager (Male) |
| 18:57 | Build | House |
| 18:58 | Build | House |
| 19:27 | Create | Villager (Male) |
| 19:43 | Build | Monastery |
| 19:52 | Create | Villager (Male) |
| 19:55 | Create | Villager (Male) |
| 19:56 | Create | Villager (Male) |
| 19:57 | Create | Villager (Male) |
| 20:04 | Build | Farm |
| 20:24 | Build | Town Center |
| 20:32 | Create | Villager (Male) |
| 20:33 | Create | Villager (Male) |
| 20:38 | Create | Villager (Male) |
| 20:38 | Create | Villager (Male) |
| 20:43 | Create | Monk |
| 21:04 | Build | Palisade Gate |
| 21:22 | Create | Villager (Male) |
| 21:25 | Create | Villager (Male) |
| 21:29 | Build | Farm |
| 21:33 | Create | Villager (Male) |
| 21:38 | Create | Villager (Male) |
| 21:39 | Create | Villager (Male) |
| 21:45 | Build | Farm |
| 21:52 | Build | Farm |
| 22:12 | Create | Villager (Male) |
| 22:16 | Build | Farm |
| 22:23 | Build | Farm |
| 22:25 | Build | House |
| 22:28 | Create | Trade Cart |
| 24:12 | Create | Villager (Male) |
| 24:13 | Create | Villager (Male) |
| 24:16 | Create | Villager (Male) |
| 24:16 | Create | Villager (Male) |
| 24:48 | Create | Villager (Male) |
| 24:48 | Create | Villager (Male) |
| 24:53 | Build | House |
| 24:55 | Build | House |
| 24:57 | Create | Villager (Male) |
| 25:02 | Create | Villager (Male) |
| 25:02 | Create | Villager (Male) |
| 25:04 | Create | Villager (Male) |
| 25:04 | Create | Villager (Male) |
| 25:09 | Research | Stone Mining |
| 25:38 | Build | Castle |
| 26:09 | Create | Villager (Male) |
| 26:09 | Create | Villager (Male) |
| 26:16 | Build | Farm |
| 26:21 | Create | Villager (Male) |
| 26:22 | Create | Villager (Male) |
| 26:23 | Create | Villager (Male) |
| 26:23 | Create | Villager (Male) |
| 26:37 | Create | Villager (Male) |
| 26:37 | Create | Villager (Male) |
| 26:43 | Build | Farm |
| 26:49 | Build | Farm |
| 26:52 | Create | Trade Cart |
| 26:52 | Create | Trade Cart |
| 26:58 | Research | Horse Collar |
| 27:31 | Build | Farm |
| 27:40 | Create | Villager (Male) |
| 27:45 | Build | Farm |
| 27:49 | Build | Farm |
| 28:47 | Build | Lumber Camp |
| 28:53 | Build | Siege Workshop |
| 29:21 | Build | House |
| 29:23 | Build | House |
| 29:27 | Research | Wheelbarrow |
| 29:30 | Create | Villager (Male) |
| 29:31 | Create | Villager (Male) |
| 29:37 | Create | Villager (Male) |
| 29:39 | Build | Farm |
| 29:44 | Research | Bow Saw |
| 29:55 | Create | Trade Cart |
| 29:56 | Create | Trade Cart |
| 30:07 | Research | Caravan |
| 30:12 | Create | Villager (Male) |
| 30:15 | Build | Farm |
| 30:23 | Build | Farm |
| 30:32 | Build | Farm |
| 31:02 | Build | Mining Camp |
| 31:43 | Build | Castle |
| 32:44 | Research | Imperial Age |
| 32:48 | Build | House |
| 32:50 | Build | House |
| 32:53 | Create | Trade Cart |
| 32:54 | Create | Trade Cart |
| 32:59 | Research | Hand Cart |
| 33:03 | Research | Town Watch |
| 33:57 | Build | Siege Workshop |
| 34:12 | Build | University |
Build order — PlayfulPorpoise
First 150 of 211 actions detected
| 0:03 | Create | Villager (Male) ×4 |
| 1:28 | Create | Villager (Male) |
| 2:04 | Create | Villager (Male) |
| 2:31 | Create | Villager (Male) |
| 2:31 | Create | Villager (Male) |
| 2:47 | Create | Villager (Male) |
| 2:57 | Build | Lumber Camp |
| 3:29 | Create | Villager (Male) |
| 3:29 | Create | Villager (Male) |
| 4:22 | Create | Villager (Male) |
| 4:22 | Create | Villager (Male) |
| 4:23 | Create | Villager (Male) |
| 4:43 | Create | Villager (Male) |
| 5:08 | Create | Villager (Male) |
| 5:36 | Create | Villager (Male) |
| 6:41 | Create | Villager (Male) |
| 6:42 | Create | Villager (Male) |
| 7:16 | Build | Mill |
| 7:46 | Create | Villager (Male) |
| 8:07 | Research | Feudal Age |
| 8:22 | Build | Farm |
| 8:23 | Build | Farm |
| 8:23 | Build | Farm |
| 8:23 | Build | Farm |
| 8:24 | Build | Farm |
| 8:24 | Build | Farm |
| 8:25 | Build | Farm |
| 10:13 | Create | Villager (Male) |
| 10:14 | Create | Villager (Male) |
| 10:21 | Age | Feudal Age |
| 10:32 | Build | Mining Camp |
| 10:39 | Create | Villager (Male) |
| 11:25 | Create | Villager (Male) |
| 11:46 | Build | Barracks |
| 11:55 | Build | Blacksmith |
| 12:01 | Create | Villager (Male) |
| 12:02 | Create | Villager (Male) |
| 12:11 | Research | Horse Collar |
| 12:15 | Research | Double-Bit Axe |
| 12:28 | Create | Villager (Male) |
| 13:20 | Build | Stable |
| 13:23 | Create | Villager (Male) |
| 13:58 | Create | Villager (Male) |
| 14:08 | Build | Farm |
| 14:10 | Build | Farm |
| 14:23 | Research | Wheelbarrow |
| 15:12 | Research | Castle Age |
| 15:27 | Build | Mining Camp |
| 16:28 | Research | Bloodlines |
| 17:10 | Build | Market |
| 17:21 | Create | Villager (Male) |
| 17:21 | Create | Villager (Male) |
| 17:22 | Create | Villager (Male) |
| 17:23 | Create | Villager (Male) |
| 17:45 | Build | Lumber Camp |
| 18:18 | Age | Castle Age |
| 18:32 | Build | Farm |
| 18:36 | Create | Villager (Male) |
| 18:47 | Build | Farm |
| 19:15 | Build | Farm |
| 19:18 | Build | Farm |
| 19:23 | Research | Husbandry |
| 19:29 | Create | Villager (Male) |
| 19:55 | Build | Castle |
| 20:26 | Create | Villager (Male) |
| 20:27 | Create | Villager (Male) |
| 20:34 | Research | Bow Saw |
| 20:56 | Build | Farm |
| 20:57 | Build | Farm |
| 20:57 | Build | Farm |
| 20:58 | Build | Farm |
| 21:00 | Build | Farm |
| 21:55 | Research | Marauders |
| 22:12 | Create | Villager (Male) |
| 22:14 | Create | Villager (Male) |
| 22:15 | Create | Villager (Male) |
| 22:27 | Research | Forging |
| 22:30 | Research | Scale Barding Armor |
| 23:02 | Build | Town Center |
| 23:20 | Build | Town Center |
| 24:06 | Build | Stable |
| 24:22 | Create | Villager (Male) ×5 |
| 24:23 | Create | Villager (Male) ×5 |
| 24:38 | Build | Mining Camp |
| 24:53 | Create | Villager (Male) ×5 |
| 25:13 | Create | Tarkan ×4 |
| 25:21 | Build | Stable |
| 25:31 | Create | Villager (Male) ×3 |
| 25:41 | Create | Trade Cart ×2 |
| 25:59 | Build | Mining Camp |
| 26:03 | Create | Tarkan ×2 |
| 26:30 | Create | Villager (Male) ×3 |
| 26:42 | Build | Farm |
| 26:43 | Build | Farm |
| 26:43 | Build | Farm |
| 26:43 | Build | Farm |
| 26:45 | Build | Farm |
| 27:07 | Create | Tarkan ×3 |
| 27:48 | Build | Stable |
| 27:49 | Build | Stable |
| 27:51 | Build | Stable |
| 29:03 | Build | Town Center |
| 29:11 | Create | Tarkan ×5 |
| 30:48 | Create | Tarkan ×5 |
| 31:33 | Research | Iron Casting |
| 31:34 | Research | Fletching |
| 31:34 | Research | Padded Archer Armor |
| 31:41 | Create | Villager (Male) ×5 |
| 31:47 | Create | Villager (Male) ×5 |
| 32:22 | Create | Villager (Male) ×5 |
| 32:58 | Create | Villager (Male) |
| 34:02 | Build | Castle |
| 34:07 | Create | Villager (Male) |
| 34:07 | Create | Villager (Male) |
| 34:15 | Create | Tarkan ×5 |
| 34:16 | Create | Tarkan ×5 |
| 34:42 | Build | Farm |
| 34:44 | Build | Farm |
| 34:45 | Build | Farm |
| 34:46 | Build | Farm |
| 35:48 | Build | Farm |
| 36:31 | Build | Archery Range |
| 36:32 | Build | Archery Range |
| 36:34 | Build | Archery Range |
| 36:35 | Build | Archery Range |
| 36:37 | Build | Archery Range |
| 36:38 | Build | Archery Range |
| 36:45 | Research | Imperial Age |
| 36:54 | Create | Villager (Male) |
| 36:54 | Create | Villager (Male) |
| 36:55 | Create | Villager (Male) |
| 37:03 | Research | Imperial Age |
| 37:04 | Research | Town Watch |
| 37:51 | Research | Thumb Ring |
| 37:58 | Create | Cavalry Archer ×5 |
| 37:59 | Create | Cavalry Archer ×5 |
| 38:24 | Build | University |
| 38:34 | Build | Lumber Camp |
| 39:29 | Research | Bodkin Arrow |
| 39:29 | Research | Leather Archer Armor |
| 39:30 | Research | Chain Barding Armor |
| 40:05 | Create | Cavalry Archer ×5 |
| 40:05 | Create | Cavalry Archer ×5 |
| 40:06 | Create | Cavalry Archer ×5 |
| 40:13 | Age | Imperial Age |
| 40:53 | Build | Stable |
| 40:55 | Build | Stable |
| 40:57 | Build | Stable |
| 40:59 | Build | Stable |
| 42:09 | Build | Mining Camp |
Build order — SepeLio_O
First 150 of 688 actions detected
| 0:02 | Create | Villager (Male) |
| 0:03 | Create | Villager (Male) |
| 0:03 | Create | Villager (Male) |
| 0:05 | Build | House |
| 0:08 | Build | House |
| 0:26 | Create | Villager (Male) |
| 1:34 | Create | Villager (Male) |
| 1:34 | Create | Villager (Male) |
| 1:54 | Build | Lumber Camp |
| 1:57 | Create | Villager (Male) |
| 1:58 | Create | Villager (Male) |
| 2:16 | Create | Villager (Male) |
| 2:48 | Create | Villager (Male) |
| 3:11 | Create | Villager (Male) |
| 3:54 | Build | Mill |
| 4:02 | Build | House |
| 4:19 | Create | Villager (Male) |
| 4:19 | Create | Villager (Male) |
| 4:20 | Create | Villager (Male) |
| 4:41 | Create | Villager (Male) |
| 4:49 | Build | House |
| 5:06 | Create | Villager (Male) |
| 5:22 | Create | Villager (Male) |
| 5:58 | Create | Villager (Male) |
| 6:08 | Create | Villager (Male) |
| 6:34 | Create | Villager (Male) |
| 6:42 | Create | Villager (Male) |
| 6:54 | Create | Villager (Male) |
| 7:04 | Create | Villager (Male) |
| 7:29 | Create | Villager (Male) |
| 7:32 | Create | Villager (Male) |
| 7:47 | Create | Villager (Male) |
| 8:05 | Create | Villager (Male) |
| 8:18 | Create | Villager (Male) |
| 8:36 | Build | Mining Camp |
| 9:17 | Build | Mill |
| 9:32 | Research | Loom |
| 9:33 | Research | Feudal Age |
| 9:43 | Build | House |
| 10:39 | Create | Villager (Male) |
| 10:44 | Build | Farm |
| 10:44 | Build | Farm |
| 10:45 | Build | Farm |
| 10:46 | Build | Farm |
| 11:29 | Build | House |
| 12:11 | Build | Outpost |
| 12:14 | Age | Feudal Age |
| 12:16 | Build | Outpost |
| 12:18 | Build | Outpost |
| 12:20 | Build | Outpost |
| 12:23 | Create | Villager (Male) |
| 12:29 | Build | Barracks |
| 12:33 | Create | Villager (Male) |
| 12:52 | Build | Farm |
| 12:55 | Build | Farm |
| 12:58 | Create | Villager (Male) |
| 13:43 | Create | Villager (Male) |
| 13:57 | Build | Market |
| 14:13 | Create | Villager (Male) |
| 14:32 | Build | Lumber Camp |
| 14:45 | Create | Spearman |
| 14:46 | Create | Spearman |
| 14:48 | Create | Spearman |
| 15:47 | Create | Villager (Male) |
| 15:47 | Create | Villager (Male) |
| 15:48 | Create | Villager (Male) |
| 16:03 | Build | Farm |
| 16:11 | Build | Blacksmith |
| 16:13 | Build | House |
| 16:21 | Create | Villager (Male) |
| 16:31 | Research | Double-Bit Axe |
| 16:43 | Build | House |
| 16:50 | Research | Castle Age |
| 16:58 | Build | Mining Camp |
| 17:10 | Build | Mining Camp |
| 17:38 | Build | Lumber Camp |
| 17:41 | Create | Villager (Male) |
| 17:54 | Create | Villager (Male) |
| 18:04 | Create | Villager (Male) |
| 18:23 | Research | Stone Mining |
| 18:42 | Research | Horse Collar |
| 19:00 | Build | Mill |
| 19:01 | Build | Farm |
| 19:02 | Build | Farm |
| 19:02 | Build | Farm |
| 19:05 | Build | Farm |
| 19:10 | Create | Villager (Male) |
| 19:16 | Create | Villager (Male) |
| 19:24 | Build | Lumber Camp |
| 19:52 | Build | Watch Tower |
| 20:02 | Create | Villager (Male) |
| 20:11 | Age | Castle Age |
| 20:18 | Create | Villager (Male) |
| 20:32 | Build | University |
| 20:47 | Create | Villager (Male) |
| 21:08 | Build | Lumber Camp |
| 21:34 | Build | Farm |
| 21:36 | Build | Farm |
| 21:37 | Build | Farm |
| 21:44 | Research | Fletching |
| 22:09 | Build | Monastery |
| 22:24 | Create | Villager (Male) |
| 22:39 | Build | Castle |
| 22:48 | Create | Villager (Male) |
| 23:09 | Create | Villager (Male) |
| 23:12 | Research | Bodkin Arrow |
| 23:16 | Research | Ballistics |
| 23:20 | Create | Villager (Male) |
| 23:59 | Create | Villager (Male) |
| 24:04 | Build | House |
| 24:10 | Build | House |
| 24:20 | Build | House |
| 24:22 | Build | Farm |
| 24:29 | Research | Wheelbarrow |
| 24:30 | Research | Town Watch |
| 24:45 | Create | Monk |
| 25:22 | Create | Villager (Male) |
| 25:31 | Create | Villager (Male) |
| 25:35 | Create | Villager (Male) |
| 25:38 | Research | Treadmill Crane |
| 25:53 | Build | Town Center |
| 25:56 | Build | Lumber Camp |
| 26:20 | Build | Archery Range |
| 26:22 | Build | Archery Range |
| 26:25 | Create | Villager (Male) |
| 26:37 | Build | Lumber Camp |
| 26:42 | Create | Villager (Male) |
| 27:05 | Build | Mill |
| 27:08 | Build | Farm |
| 27:08 | Build | Farm |
| 27:09 | Build | Farm |
| 27:09 | Build | Farm |
| 27:10 | Build | Farm |
| 27:12 | Build | Farm |
| 27:16 | Build | Farm |
| 27:19 | Build | Farm |
| 27:25 | Build | Farm |
| 27:28 | Build | Farm |
| 27:32 | Create | Villager (Male) |
| 27:42 | Build | Mining Camp |
| 27:45 | Create | Villager (Male) |
| 27:45 | Create | Villager (Male) |
| 27:46 | Create | Villager (Male) |
| 28:01 | Research | Crossbowman (upgrade) |
| 28:10 | Create | Archer |
| 28:10 | Create | Archer |
| 28:13 | Research | Pikeman (upgrade) |
| 28:14 | Create | Spearman |
| 28:15 | Create | Spearman |
| 28:16 | Create | Spearman |
Build order — David
First 150 of 568 actions detected
| 0:10 | Create | Villager (Male) |
| 0:10 | Create | Villager (Male) |
| 0:10 | Create | Villager (Male) |
| 0:11 | Create | Villager (Male) |
| 0:11 | Create | Villager (Male) |
| 0:13 | Build | House |
| 0:16 | Build | House |
| 1:58 | Build | Lumber Camp |
| 2:03 | Create | Villager (Male) |
| 2:27 | Create | Villager (Male) |
| 2:42 | Create | Villager (Male) |
| 3:15 | Create | Villager (Male) |
| 3:35 | Create | Villager (Male) |
| 3:35 | Create | Villager (Male) |
| 4:15 | Build | House |
| 4:19 | Create | Villager (Male) |
| 4:20 | Create | Villager (Male) |
| 5:23 | Create | Villager (Male) |
| 5:23 | Create | Villager (Male) |
| 5:52 | Create | Villager (Male) |
| 5:53 | Create | Villager (Male) |
| 6:58 | Create | Villager (Male) |
| 6:59 | Create | Villager (Male) |
| 7:19 | Build | House |
| 7:37 | Create | Villager (Male) |
| 7:37 | Create | Villager (Male) |
| 8:16 | Build | House |
| 8:39 | Create | Villager (Male) |
| 8:39 | Create | Villager (Male) |
| 9:15 | Build | Mill |
| 9:56 | Research | Feudal Age |
| 10:40 | Build | Mill |
| 12:03 | Create | Villager (Male) |
| 12:03 | Create | Villager (Male) |
| 12:06 | Age | Feudal Age |
| 12:09 | Build | Farm |
| 12:10 | Build | Farm |
| 12:14 | Build | Farm |
| 12:24 | Build | Mining Camp |
| 12:40 | Create | Villager (Male) |
| 13:02 | Build | Farm |
| 13:19 | Create | Villager (Male) |
| 13:26 | Build | Farm |
| 13:36 | Create | Villager (Male) |
| 13:58 | Build | Blacksmith |
| 14:18 | Create | Villager (Male) |
| 14:53 | Build | Market |
| 15:01 | Create | Villager (Male) |
| 15:08 | Research | Horse Collar |
| 15:14 | Research | Double-Bit Axe |
| 15:24 | Research | Castle Age |
| 15:48 | Build | Farm |
| 17:18 | Build | House |
| 17:44 | Build | House |
| 18:06 | Age | Castle Age |
| 18:07 | Research | Wheelbarrow |
| 18:19 | Build | Town Center |
| 18:26 | Research | Heavy Plow |
| 18:30 | Build | Farm |
| 18:56 | Create | Villager (Male) |
| 18:57 | Create | Villager (Male) |
| 18:57 | Create | Villager (Male) |
| 19:25 | Build | Town Center |
| 19:37 | Create | Villager (Male) |
| 19:38 | Create | Villager (Male) |
| 20:07 | Build | Farm |
| 20:18 | Create | Villager (Male) |
| 20:18 | Create | Villager (Male) |
| 20:18 | Create | Villager (Male) |
| 20:19 | Create | Villager (Male) |
| 20:33 | Build | Farm |
| 20:35 | Build | Farm |
| 20:36 | Build | Farm |
| 20:38 | Build | Farm |
| 20:39 | Build | Farm |
| 20:54 | Build | Farm |
| 21:30 | Create | Villager (Male) |
| 21:31 | Create | Villager (Male) |
| 21:31 | Create | Villager (Male) |
| 21:36 | Build | Farm |
| 21:39 | Create | Villager (Male) |
| 21:40 | Create | Villager (Male) |
| 22:03 | Build | Farm |
| 22:24 | Build | Farm |
| 23:05 | Create | Villager (Male) |
| 23:05 | Create | Villager (Male) |
| 23:05 | Create | Villager (Male) |
| 23:06 | Create | Villager (Male) |
| 23:06 | Create | Villager (Male) |
| 23:19 | Create | Villager (Male) |
| 23:19 | Create | Villager (Male) |
| 23:19 | Create | Villager (Male) |
| 23:19 | Create | Villager (Male) |
| 23:30 | Build | Lumber Camp |
| 23:53 | Build | Town Center |
| 24:03 | Build | House |
| 24:05 | Build | House |
| 24:06 | Build | House |
| 24:09 | Build | House |
| 24:15 | Build | Farm |
| 24:20 | Build | Farm |
| 24:44 | Research | Bow Saw |
| 24:47 | Create | Villager (Male) |
| 24:47 | Create | Villager (Male) |
| 24:48 | Create | Villager (Male) |
| 24:56 | Build | Farm |
| 25:03 | Build | Farm |
| 25:37 | Build | House |
| 25:38 | Build | House |
| 25:48 | Build | Farm |
| 25:49 | Build | Farm |
| 25:52 | Create | Villager (Male) |
| 25:53 | Create | Villager (Male) |
| 25:53 | Create | Villager (Male) |
| 25:54 | Create | Villager (Male) |
| 25:54 | Create | Villager (Male) |
| 26:00 | Build | Farm |
| 26:14 | Build | Farm |
| 26:36 | Build | Farm |
| 26:41 | Build | Farm |
| 26:49 | Create | Villager (Male) |
| 26:50 | Create | Villager (Male) |
| 26:50 | Create | Villager (Male) |
| 26:50 | Create | Villager (Male) |
| 26:50 | Create | Villager (Male) |
| 27:34 | Build | Castle |
| 27:53 | Create | Villager (Male) |
| 27:53 | Create | Villager (Male) |
| 27:54 | Create | Villager (Male) |
| 27:54 | Create | Villager (Male) |
| 28:08 | Build | Farm |
| 28:16 | Build | Farm |
| 28:20 | Build | Farm |
| 28:28 | Build | Farm |
| 28:32 | Build | Farm |
| 28:45 | Build | Farm |
| 28:52 | Create | Villager (Male) |
| 28:52 | Create | Villager (Male) |
| 28:52 | Create | Villager (Male) |
| 28:52 | Create | Villager (Male) |
| 28:58 | Build | Farm |
| 29:03 | Build | Farm |
| 29:24 | Create | Villager (Male) |
| 29:25 | Create | Villager (Male) |
| 29:25 | Create | Villager (Male) |
| 29:25 | Create | Villager (Male) |
| 29:25 | Create | Villager (Male) |
| 29:26 | Create | Villager (Male) |
| 29:26 | Create | Villager (Male) |
| 29:26 | Create | Villager (Male) |
Build order — Debra
First 150 of 467 actions detected
| 0:03 | Create | Villager (Male) ×4 |
| 0:03 | Create | Villager (Male) ×4 |
| 0:03 | Create | Villager (Male) ×4 |
| 0:08 | Build | House |
| 0:09 | Build | House |
| 0:11 | Build | House |
| 1:46 | Create | Villager (Male) |
| 2:26 | Build | Mill |
| 2:33 | Create | Villager (Male) |
| 3:01 | Create | Villager (Male) |
| 3:02 | Create | Villager (Male) |
| 3:35 | Create | Villager (Male) ×2 |
| 4:29 | Create | Villager (Male) |
| 4:29 | Create | Villager (Male) |
| 4:29 | Create | Villager (Male) |
| 4:30 | Create | Villager (Male) |
| 5:08 | Build | Lumber Camp |
| 5:12 | Create | Villager (Male) |
| 5:12 | Create | Villager (Male) |
| 5:33 | Create | Villager (Male) |
| 5:33 | Create | Villager (Male) |
| 5:34 | Create | Villager (Male) |
| 5:44 | Create | Villager (Male) |
| 5:44 | Create | Villager (Male) |
| 6:16 | Create | Villager (Male) |
| 6:16 | Create | Villager (Male) |
| 6:16 | Create | Villager (Male) |
| 6:50 | Create | Villager (Male) |
| 8:07 | Research | Loom |
| 8:34 | Build | House |
| 9:01 | Research | Feudal Age |
| 9:56 | Build | Lumber Camp |
| 10:10 | Build | Mining Camp |
| 10:22 | Create | Villager (Male) |
| 10:23 | Create | Villager (Male) |
| 10:39 | Build | Mill |
| 11:05 | Build | House |
| 11:06 | Build | House |
| 11:07 | Build | House |
| 11:08 | Build | House |
| 11:11 | Age | Feudal Age |
| 11:16 | Research | Horse Collar |
| 11:19 | Research | Double-Bit Axe |
| 11:21 | Create | Villager (Male) |
| 11:21 | Create | Villager (Male) |
| 11:51 | Create | Villager (Male) |
| 12:06 | Build | Farm |
| 12:07 | Build | Farm |
| 12:09 | Build | Farm |
| 12:21 | Research | Stone Mining |
| 12:40 | Build | Farm |
| 12:41 | Build | Farm |
| 12:48 | Build | Farm |
| 12:56 | Build | Farm |
| 13:00 | Create | Villager (Male) |
| 13:01 | Create | Villager (Male) |
| 13:01 | Create | Villager (Male) |
| 13:25 | Build | Market |
| 13:40 | Create | Villager (Male) |
| 13:40 | Create | Villager (Male) |
| 13:40 | Create | Villager (Male) |
| 13:50 | Build | Farm |
| 13:57 | Build | Farm |
| 13:58 | Build | Farm |
| 14:01 | Create | Villager (Male) |
| 14:53 | Build | Blacksmith |
| 15:00 | Build | Barracks |
| 15:30 | Build | Lumber Camp |
| 15:42 | Create | Villager (Male) |
| 15:42 | Create | Villager (Male) |
| 15:42 | Create | Villager (Male) |
| 16:04 | Build | Farm |
| 16:47 | Build | Mill |
| 17:48 | Research | Castle Age |
| 18:35 | Build | Archery Range |
| 18:44 | Build | Stable |
| 19:05 | Create | Spearman |
| 19:06 | Create | Spearman |
| 19:12 | Create | Villager (Male) |
| 19:12 | Create | Villager (Male) |
| 19:35 | Build | Stone Wall |
| 19:39 | Build | Stone Wall |
| 19:42 | Build | Gate |
| 19:45 | Build | Gate |
| 19:56 | Create | Villager (Male) |
| 19:57 | Create | Villager (Male) |
| 20:28 | Age | Castle Age |
| 20:36 | Build | Town Center |
| 20:49 | Build | Town Center |
| 21:10 | Build | Castle |
| 21:16 | Research | Husbandry |
| 21:16 | Research | Bloodlines |
| 21:20 | Research | Forging |
| 21:22 | Research | Scale Barding Armor |
| 21:25 | Research | Scale Mail Armor |
| 22:21 | Create | Villager (Male) |
| 22:21 | Create | Villager (Male) |
| 22:22 | Create | Villager (Male) |
| 22:23 | Create | Villager (Male) |
| 22:24 | Create | Villager (Male) |
| 22:36 | Build | Mill |
| 22:39 | Build | Farm |
| 22:40 | Build | Farm |
| 22:44 | Create | Villager (Male) |
| 22:44 | Create | Villager (Male) |
| 22:45 | Create | Villager (Male) |
| 23:04 | Build | Town Center |
| 23:10 | Create | Villager (Male) |
| 23:10 | Create | Villager (Male) |
| 23:10 | Create | Villager (Male) |
| 23:32 | Build | Stable |
| 23:34 | Build | Stable |
| 23:41 | Create | Villager (Male) |
| 23:41 | Create | Villager (Male) |
| 23:42 | Create | Villager (Male) |
| 23:42 | Create | Villager (Male) |
| 23:42 | Create | Villager (Male) |
| 23:56 | Build | Farm |
| 23:57 | Build | Farm |
| 23:58 | Build | Farm |
| 23:59 | Build | Farm |
| 24:00 | Build | Farm |
| 24:10 | Build | Farm |
| 24:11 | Build | Farm |
| 24:17 | Research | Wheelbarrow |
| 24:18 | Create | Villager (Male) |
| 24:44 | Build | Mining Camp |
| 25:01 | Build | Farm |
| 25:03 | Build | Farm |
| 25:07 | Create | Villager (Male) |
| 25:07 | Create | Villager (Male) |
| 25:07 | Create | Villager (Male) |
| 25:08 | Create | Villager (Male) |
| 25:08 | Create | Villager (Male) |
| 25:09 | Create | Villager (Male) |
| 25:10 | Create | Villager (Male) |
| 25:11 | Create | Villager (Male) |
| 25:31 | Build | Siege Workshop |
| 25:37 | Create | Villager (Male) |
| 25:38 | Create | Villager (Male) |
| 25:38 | Create | Villager (Male) |
| 25:38 | Create | Villager (Male) |
| 25:53 | Research | Bow Saw |
| 26:13 | Research | Heavy Plow |
| 26:24 | Build | Mining Camp |
| 26:34 | Create | Villager (Male) |
| 26:34 | Create | Villager (Male) |
| 26:34 | Create | Villager (Male) |
| 26:36 | Create | Villager (Male) |
| 27:00 | Build | Farm |
Build order — eliot.shaw
First 150 of 534 actions detected
| 0:03 | Create | Villager (Male) |
| 0:03 | Create | Villager (Male) |
| 0:05 | Build | House |
| 0:08 | Build | House |
| 0:25 | Create | Villager (Male) |
| 0:25 | Create | Villager (Male) |
| 1:30 | Create | Villager (Male) |
| 1:30 | Create | Villager (Male) |
| 2:53 | Create | Villager (Male) |
| 2:53 | Create | Villager (Male) |
| 4:26 | Build | Lumber Camp |
| 4:32 | Create | Villager (Male) |
| 4:32 | Create | Villager (Male) |
| 4:44 | Create | Villager (Male) |
| 4:53 | Build | House |
| 5:04 | Create | Villager (Male) |
| 5:30 | Build | House |
| 6:14 | Create | Villager (Male) |
| 6:14 | Create | Villager (Male) |
| 6:18 | Create | Villager (Male) |
| 6:53 | Research | Double-Bit Axe |
| 7:32 | Research | Wheelbarrow |
| 9:04 | Create | Villager (Male) |
| 9:05 | Create | Villager (Male) |
| 9:39 | Create | Villager (Male) |
| 9:47 | Build | Mining Camp |
| 11:00 | Research | Feudal Age |
| 11:27 | Build | Mill |
| 11:47 | Build | Mill |
| 12:03 | Build | Barracks |
| 12:07 | Research | Stone Mining |
| 12:31 | Build | Farm |
| 12:35 | Build | Farm |
| 12:37 | Create | Villager (Male) |
| 12:37 | Create | Villager (Male) |
| 13:10 | Age | Feudal Age |
| 13:14 | Create | Spearman |
| 13:23 | Create | Flemish Militia |
| 13:23 | Create | Flemish Militia |
| 13:39 | Build | Farm |
| 13:50 | Create | Villager (Male) |
| 14:09 | Create | Flemish Militia |
| 14:14 | Create | Villager (Male) |
| 14:18 | Build | Farm |
| 14:25 | Build | House |
| 15:02 | Create | Villager (Male) |
| 15:09 | Build | Farm |
| 15:10 | Build | Farm |
| 15:11 | Build | Farm |
| 15:13 | Build | Farm |
| 15:15 | Create | Villager (Male) |
| 15:21 | Build | House |
| 15:39 | Research | Arson |
| 15:44 | Build | Farm |
| 15:48 | Research | Bow Saw |
| 15:50 | Build | Lumber Camp |
| 15:55 | Build | House |
| 15:58 | Build | House |
| 16:02 | Create | Villager (Male) |
| 16:04 | Build | Farm |
| 17:07 | Build | Mining Camp |
| 17:12 | Create | Villager (Male) |
| 17:12 | Create | Villager (Male) |
| 17:15 | Research | Hand Cart |
| 17:18 | Research | Gold Mining |
| 17:19 | Research | Stone Shaft Mining |
| 18:55 | Create | Villager (Male) |
| 18:57 | Build | Farm |
| 18:58 | Build | Farm |
| 20:35 | Create | Villager (Male) |
| 20:46 | Build | Market |
| 20:56 | Build | Stable |
| 21:54 | Build | Stable |
| 22:11 | Build | Stable |
| 22:20 | Build | Farm |
| 22:21 | Create | Villager (Male) |
| 22:50 | Build | House |
| 23:04 | Research | Castle Age |
| 23:07 | Build | Farm |
| 23:19 | Create | Scout Cavalry |
| 23:19 | Create | Scout Cavalry |
| 23:20 | Create | Scout Cavalry |
| 23:48 | Build | Farm |
| 24:07 | Research | Horse Collar |
| 24:10 | Research | Gold Shaft Mining |
| 24:15 | Build | Farm |
| 25:07 | Build | Stable |
| 25:33 | Build | Farm |
| 25:34 | Build | Farm |
| 25:44 | Age | Castle Age |
| 26:05 | Build | Town Center |
| 26:21 | Build | Town Center |
| 26:25 | Create | Villager (Male) |
| 26:25 | Create | Villager (Male) |
| 26:26 | Create | Villager (Male) |
| 26:43 | Research | Two-Man Saw |
| 26:46 | Research | Heavy Plow |
| 26:48 | Create | Villager (Male) |
| 27:06 | Research | Light Cavalry (upgrade) |
| 27:10 | Research | Husbandry |
| 27:47 | Create | Scout Cavalry |
| 27:47 | Create | Scout Cavalry |
| 28:49 | Create | Villager (Male) |
| 28:49 | Create | Villager (Male) |
| 29:04 | Create | Villager (Male) |
| 29:05 | Create | Villager (Male) |
| 29:08 | Create | Villager (Male) |
| 29:08 | Create | Villager (Male) |
| 29:08 | Create | Villager (Male) |
| 29:10 | Create | Knight |
| 29:11 | Create | Knight |
| 29:15 | Build | Farm |
| 29:24 | Create | Villager (Male) |
| 29:24 | Create | Villager (Male) |
| 29:25 | Create | Villager (Male) |
| 29:39 | Build | Town Center |
| 29:42 | Build | Farm |
| 29:44 | Create | Villager (Male) |
| 29:44 | Create | Villager (Male) |
| 30:22 | Create | Villager (Male) |
| 30:22 | Create | Villager (Male) |
| 30:22 | Create | Villager (Male) |
| 30:53 | Research | Cavalier (upgrade) |
| 31:02 | Build | Stable |
| 31:09 | Build | Castle |
| 31:25 | Build | Stable |
| 31:29 | Create | Villager (Male) |
| 31:29 | Create | Villager (Male) |
| 31:30 | Create | Villager (Male) |
| 31:32 | Create | Villager (Male) |
| 31:33 | Create | Villager (Male) |
| 31:37 | Build | Farm |
| 31:40 | Create | Villager (Male) |
| 31:41 | Create | Villager (Male) |
| 31:41 | Create | Villager (Male) |
| 31:46 | Build | Mining Camp |
| 31:47 | Create | Villager (Male) |
| 31:48 | Create | Villager (Male) |
| 31:48 | Create | Villager (Male) |
| 31:54 | Create | Villager (Male) |
| 31:55 | Create | Villager (Male) |
| 31:55 | Create | Villager (Male) |
| 32:03 | Build | Farm |
| 32:06 | Build | Farm |
| 32:17 | Build | Farm |
| 32:19 | Build | Farm |
| 32:22 | Build | Farm |
| 32:24 | Build | Farm |
| 32:26 | Create | Villager (Male) |
| 32:28 | Create | Villager (Male) |
Build order — BootyGains
First 150 of 478 actions detected
| 0:12 | Build | House |
| 0:13 | Build | House |
| 0:15 | Create | Villager (Male) |
| 0:15 | Create | Villager (Male) |
| 0:15 | Create | Villager (Male) |
| 0:15 | Create | Villager (Male) |
| 0:16 | Create | Villager (Male) |
| 0:22 | Research | Loom |
| 0:23 | Create | Villager (Male) |
| 0:23 | Create | Villager (Male) |
| 0:23 | Create | Villager (Male) |
| 0:24 | Create | Villager (Male) |
| 1:58 | Create | Villager (Male) |
| 1:59 | Create | Villager (Male) |
| 2:34 | Create | Villager (Male) |
| 2:34 | Create | Villager (Male) |
| 2:47 | Create | Villager (Male) |
| 3:19 | Create | Villager (Male) |
| 3:20 | Create | Villager (Male) |
| 3:43 | Create | Villager (Male) |
| 3:53 | Build | Palisade Wall |
| 3:57 | Build | Palisade Gate |
| 4:36 | Build | Mill |
| 4:50 | Create | Villager (Male) |
| 4:50 | Create | Villager (Male) |
| 4:50 | Create | Villager (Male) |
| 5:41 | Build | House |
| 5:44 | Build | House |
| 6:40 | Create | Villager (Male) |
| 6:41 | Create | Villager (Male) |
| 7:05 | Create | Villager (Male) |
| 7:05 | Create | Villager (Male) |
| 8:45 | Create | Villager (Male) |
| 8:45 | Create | Villager (Male) |
| 8:56 | Build | Mill |
| 9:23 | Build | House |
| 9:26 | Create | Villager (Male) |
| 10:25 | Create | Villager (Male) |
| 11:25 | Build | Barracks |
| 11:58 | Create | Villager (Male) |
| 12:19 | Research | Feudal Age |
| 12:27 | Build | Lumber Camp |
| 13:31 | Create | Villager (Male) |
| 13:31 | Create | Villager (Male) |
| 13:43 | Build | Lumber Camp |
| 14:19 | Build | Mining Camp |
| 14:33 | Age | Feudal Age |
| 14:39 | Create | Villager (Male) |
| 14:39 | Create | Villager (Male) |
| 14:48 | Research | Double-Bit Axe |
| 15:05 | Build | Stone Wall |
| 15:11 | Build | Stone Wall |
| 15:15 | Build | Gate |
| 15:36 | Research | Man-at-Arms (upgrade) |
| 15:37 | Create | Militia |
| 15:52 | Build | Farm |
| 15:52 | Build | Farm |
| 15:58 | Create | Villager (Male) |
| 15:58 | Create | Villager (Male) |
| 15:58 | Create | Villager (Male) |
| 16:40 | Create | Villager (Male) |
| 16:44 | Build | House |
| 16:48 | Build | House |
| 17:12 | Create | Militia |
| 17:12 | Create | Militia |
| 17:24 | Create | Villager (Male) |
| 17:30 | Build | Farm |
| 17:30 | Build | Farm |
| 17:31 | Build | Farm |
| 17:40 | Build | Farm |
| 17:40 | Build | Farm |
| 17:41 | Build | Farm |
| 18:43 | Create | Militia |
| 18:44 | Create | Militia |
| 18:44 | Create | Militia |
| 18:44 | Create | Militia |
| 18:54 | Create | Villager (Male) |
| 18:54 | Create | Villager (Male) |
| 18:59 | Build | Farm |
| 18:59 | Build | Farm |
| 18:59 | Build | Farm |
| 19:21 | Create | Villager (Male) |
| 19:22 | Create | Villager (Male) |
| 19:33 | Build | Farm |
| 19:33 | Build | Farm |
| 19:33 | Build | Farm |
| 19:39 | Research | Horse Collar |
| 20:24 | Create | Militia |
| 20:24 | Create | Militia |
| 20:25 | Create | Militia |
| 20:43 | Create | Militia |
| 20:43 | Create | Militia |
| 20:47 | Create | Villager (Male) |
| 20:47 | Create | Villager (Male) |
| 20:55 | Build | Farm |
| 20:55 | Build | Farm |
| 20:55 | Build | Farm |
| 20:55 | Build | Farm |
| 21:54 | Create | Villager (Male) |
| 21:54 | Create | Villager (Male) |
| 22:00 | Build | Farm |
| 22:00 | Build | Farm |
| 22:00 | Build | Farm |
| 22:13 | Create | Militia |
| 22:14 | Create | Militia |
| 22:19 | Create | Villager (Male) |
| 22:25 | Build | Farm |
| 22:30 | Build | House |
| 22:31 | Build | House |
| 22:31 | Build | House |
| 24:14 | Build | Market |
| 25:27 | Create | Villager (Male) |
| 25:27 | Create | Villager (Male) |
| 25:38 | Build | Blacksmith |
| 26:10 | Build | Farm |
| 26:29 | Research | Castle Age |
| 26:29 | Research | Castle Age |
| 26:40 | Create | Villager (Male) |
| 26:40 | Create | Villager (Male) |
| 26:40 | Create | Villager (Male) |
| 26:41 | Create | Villager (Male) |
| 26:41 | Create | Villager (Male) |
| 26:42 | Create | Villager (Male) |
| 26:42 | Create | Villager (Male) |
| 26:42 | Create | Villager (Male) |
| 27:10 | Build | Farm |
| 27:12 | Create | Villager (Male) |
| 27:12 | Create | Villager (Male) |
| 27:23 | Research | Padded Archer Armor |
| 27:25 | Research | Fletching |
| 28:47 | Build | Farm |
| 28:49 | Create | Villager (Male) |
| 29:09 | Age | Castle Age |
| 29:17 | Build | Castle |
| 29:36 | Build | Farm |
| 29:38 | Create | Villager (Male) |
| 29:38 | Create | Villager (Male) |
| 30:20 | Create | Villager (Male) |
| 30:37 | Build | House |
| 30:39 | Build | House |
| 30:40 | Build | House |
| 30:41 | Build | House |
| 30:42 | Build | House |
| 30:43 | Build | House |
| 31:00 | Create | Villager (Male) |
| 31:00 | Create | Villager (Male) |
| 31:22 | Build | Town Center |
| 31:32 | Create | Longbowman |
| 31:33 | Create | Longbowman |
| 31:33 | Create | Longbowman |
Match timeline
| 3:53 | BootyGains · wall_segment Palisade Wall x25 |
| 10:21 | PlayfulPorpoise · age_up feudal |
| 10:49 | 葱焖肥蟹 · age_up feudal |
| 11:11 | Debra · age_up feudal |
| 11:21 | サンテアゴ · age_up feudal |
| 11:25 | BootyGains · first_building Barracks |
| 11:46 | PlayfulPorpoise · first_building Barracks |
| 12:03 | eliot.shaw · first_building Barracks |
| 12:06 | David · age_up feudal |
| 12:14 | SepeLio_O · age_up feudal |
| 12:29 | SepeLio_O · first_building Barracks |
| 13:10 | eliot.shaw · age_up feudal |
| 13:20 | PlayfulPorpoise · first_building Stable |
| 14:33 | BootyGains · age_up feudal |
| 15:00 | Debra · first_building Barracks |
| 15:05 | BootyGains · wall_segment Stone Wall x6 |
| 15:11 | BootyGains · wall_segment Stone Wall x21 |
| 15:16 | サンテアゴ · age_up castle |
| 16:27 | 葱焖肥蟹 · age_up castle |
| 17:20 | サンテアゴ · first_market_buy 100 food |
| 18:06 | David · age_up castle |
| 18:18 | PlayfulPorpoise · age_up castle |
| 18:35 | Debra · first_building Archery Range |
| 18:44 | Debra · first_building Stable |
| 19:35 | Debra · wall_segment Stone Wall x23 |
| 19:39 | Debra · wall_segment Stone Wall x16 |
| 19:43 | 葱焖肥蟹 · first_building Monastery |
| 19:55 | PlayfulPorpoise · first_building Castle |
| 20:11 | SepeLio_O · age_up castle |
| 20:28 | Debra · age_up castle |
| 20:56 | eliot.shaw · first_building Stable |
| 21:10 | Debra · first_building Castle |
| 22:09 | SepeLio_O · first_building Monastery |
| 22:39 | SepeLio_O · first_building Castle |
| 23:40 | David · first_market_buy 100 wood |
| 24:03 | eliot.shaw · first_market_sell 100 food |
| 24:05 | eliot.shaw · first_market_buy 100 wood |
| 25:31 | Debra · first_building Siege Workshop |
| 25:38 | 葱焖肥蟹 · first_building Castle |
| 25:44 | eliot.shaw · age_up castle |
| 26:20 | SepeLio_O · first_building Archery Range |
| 27:04 | サンテアゴ · first_building Castle |
| 27:14 | サンテアゴ · first_building Monastery |
| 27:34 | David · first_building Castle |
| 28:53 | 葱焖肥蟹 · first_building Siege Workshop |
| 29:09 | BootyGains · age_up castle |
| 29:17 | BootyGains · first_building Castle |
| 29:48 | BootyGains · first_market_buy 100 stone |
| 30:41 | David · first_building Siege Workshop |
| 31:09 | サンテアゴ · age_up imperial |
| 31:09 | eliot.shaw · first_building Castle |
| 31:09 | BootyGains · first_market_sell 100 food |
| 32:02 | Debra · first_market_sell 500 wood |
| 32:04 | David · first_building Monastery |
| 33:09 | David · age_up imperial |
| 35:17 | Debra · age_up imperial |
| 35:54 | 葱焖肥蟹 · age_up imperial |
| 36:31 | PlayfulPorpoise · first_building Archery Range |
| 37:44 | SepeLio_O · age_up imperial |
| 38:14 | 葱焖肥蟹 · first_building Stable |
| 39:21 | BootyGains · age_up imperial |
| 39:34 | サンテアゴ · first_building Siege Workshop |
| 40:13 | PlayfulPorpoise · age_up imperial |
| 40:55 | eliot.shaw · first_building Siege Workshop |
| 43:52 | eliot.shaw · age_up imperial |
| 48:35 | SepeLio_O · first_market_buy 100 food |
| 49:59 | PlayfulPorpoise · first_market_sell 500 wood |
| 50:43 | SepeLio_O · first_market_sell 500 wood |
| 53:31 | BootyGains · first_building Siege Workshop |
| 53:49 | BootyGains · first_building Monastery |
| 60:41 | BootyGains · first_building Archery Range |
| 63:46 | Debra · resign |
[ AI ANALYSIS · 1 CREDIT ]
What really happened in this match?
Wolo.gg analyzes every decision: build order, eco, micro, common mistakes by bracket. Personalized analysis on WhatsApp or Discord in 30 seconds.
Civ guide
Portuguese
Perfil
Jugador #17549693